 Dungeon Crawl Stone Soup version 0.29.1-12-g30fa7ad0bf (webtiles) character file.

Game seed: 12025671027479805038

319 ChrisAssaf the Caller (level 6, -4/43 HPs)
             Began as a Human Summoner on Dec 29, 2022.
             Was a Follower of Dithmenos.
             Slain by an orc warrior
             ... wielding a +0 flail
              (20 damage)
             ... on level 4 of the Dungeon.
             The game lasted 00:13:55 (1947 turns).

ChrisAssaf the Caller (Human Summoner)              Turns: 1947, Time: 00:13:56

Health: -4/43      AC:  2    Str: 10    XL:     6   Next: 74%
Magic:  0/10       EV: 12    Int: 16    God:    Dithmenos [*.....]
Gold:   84         SH:  0    Dex: 13    Spells: 5/11 levels left

rFire   . . .      SeeInvis .   j - +0 short sword (spect)
rCold   . . .      Faith    .   (no shield)
rNeg    . . .      Spirit   .   a - +0 robe
rPois   .          Reflect  .   (no helmet)
rElec   .          Harm     .   (no cloak)
rCorr   .          Rampage  .   (no gloves)
Will    +....                   (no boots)
Stlth   ++........              (no amulet)
HPRegen 0.14/turn               b - ring of willpower
MPRegen 0.12/turn               (no ring)

@: wreathed by umbra
A: no striking features
a: Renounce Religion


You were on level 4 of the Dungeon.
You worshipped Dithmenos.
Dithmenos was aware of your devotion.
You visited 1 branch of the dungeon, and saw 5 of its levels.

You collected 139 gold pieces.
You spent 55 gold pieces at shops.

Inventory:

Hand Weapons
 j - a +0 spectral short sword (weapon)
Armour
 a - a +0 robe (worn)
Magical Staves
 d - a staff of earth
 f - a staff of conjuration
Jewellery
 b - a ring of willpower (left hand)
Scrolls
 g - a scroll of enchant weapon
 l - a scroll of teleportation {unknown}
Potions
 h - 2 potions of flight {unknown}
 i - 2 potions of invisibility {unknown}
 k - a potion of lignification {unknown}


   Skills:
 * Level 1.3 Fighting
 * Level 0.8 Short Blades
 * Level 1.0 Staves
 * Level 1.3 Armour
 * Level 2.5 Dodging
 * Level 2.5 Stealth
 * Level 3.1 Spellcasting
 * Level 1.4 Conjurations
 * Level 4.9 Summonings
 * Level 1.2 Earth Magic
 * Level 1.2 Invocations
 * Level 0.9 Evocations


You had 5 spell levels left.
You knew the following spells:

 Your Spells              Type           Power      Damage    Failure   Level
a - Summon Small Mammal   Summ           72%        N/A       2%          1
b - Call Imp              Summ           18%        N/A       3%          2
c - Call Canine Familiar  Summ           18%        N/A       8%          3

Your spell library contained the following spells:

 Spells                   Type           Power      Damage    Failure   Level
 Summon Guardian Golem    Hex/Summ       10%        N/A       21%         3
 Summon Lightning Spire   Summ/Air       10%        N/A       54%         4


Dungeon Overview and Level Annotations

Branches:
Dungeon (5/15)
 Temple: D:4-7

Altars:
Cheibriados
Dithmenos

Shops:
D:1 *((


Message History

The orc wizard hits your hound with a +0 dagger.
Your crimson imp hits the orc.
Your hound barely misses the orc warrior.
The orc wizard hits your hound with a +0 dagger.
Your hound dies!
Your hound's corpse disappears in a puff of smoke!
The orc hits your crimson imp with a +0 hand axe.
Your crimson imp blinks!
Found a stone staircase leading down.
An orc comes into view. It is wielding a +0 hand axe.
Your magical contamination has completely faded away.
The orc priest calls upon Beogh to heal the orc.
The orc's wounds heal themselves!
The orc wizard mumbles some strange words.
The orc wizard flickers and vanishes!
Deactivating autopickup; reactivate with Ctrl-A.
There is a stone staircase leading up, spattered with blood here.
The orc warrior hits you with a +0 flail!!
The orc closely misses you.
You climb upwards.
Reactivating autopickup.
There is a stone staircase leading down here.
You feel better.
The orc warrior hits you with a +0 flail.
The orc hits you with a +0 whip. The orc warrior barely misses you.
Casting: Call Imp (safe; 3% risk of failure)
Confirm with . or Enter, or press ? or * to list all spells.
A beastly little devil appears in a puff of frigid air.
The orc warrior hits your white imp with a +0 flail!!
Your white imp dies!
Your white imp disappears in a puff of smoke!
Unknown command.
Casting: Call Imp (safe; 3% risk of failure)
Confirm with . or Enter, or press ? or * to list all spells.
A beastly little devil appears in a puff of flame.
The orc warrior closely misses you.
The orc warrior attacks as you move away!
The orc warrior hits you with a +0 flail!!
You die...

#.##.#.# #
#.##.#.##.#
#.##....#.##
#.##.......#
#.##..>...#.#
#.##>.......#
#.##....#.#.#
#..oo#.#.....
#.@###.# .###
#5.###.##.#
#..#...##.# #.##.
#.........# #.##.
##.#.####.# #.##.
##)#.# #.# #.##.
#....####.# #.##.
#.#....##.#####.##.
#....#...........).


You could see an orc warrior (ally target), an orc and a friendly crimson imp
(summoned).

Vanquished Creatures
  An iguana (D:5)
  2 gnolls (D:4)
  An adder (D:5)
  A dart slug (D:4)
  3 orcs (D:5)
  A bat (D:3)
  2 endoplasms
  A giant cockroach (D:4)
  2 hobgoblins
  3 jackals (D:2)
  A ball python (D:1)
  2 kobolds
  A rat (D:2)
21 creatures vanquished.

Vanquished Creatures (collateral kills)
  An ogre (D:4)
  A bullfrog (D:4)
  An orc priest (D:5)
  A gnoll (D:4)
  2 adders (D:3)
  2 dart slugs
  3 orcs (D:3)
  A bat (D:1)
  3 endoplasms (D:3)
  3 goblins
  A hobgoblin (D:3)
  3 jackals (D:2)
  3 ball pythons
  A frilled lizard (D:1)
  A kobold (D:4)
  4 rats
31 creatures vanquished.

Vanquished Creatures (others)
  A plant (D:1)
1 creature vanquished.

Grand Total: 53 creatures vanquished

Notes
Turn   | Place    | Note
-------+----------+-------------------------------------------
     0 | D:1      | ChrisAssaf the Human Summoner began the quest for the Orb.
     0 | D:1      | Reached XP level 1. HP: 13/13 MP: 3/3
    51 | D:1      | Found Bips's General Store.
    86 | D:1      | Found Otsoobar's Weapon Boutique.
   131 | D:1      | Bought a potion of heal wounds for 55 gold pieces
   264 | D:1      | Found Wulojoer's Weapon Shop.
   422 | D:1      | Reached XP level 2. HP: 13/19 MP: 3/5
   438 | D:1      | Learned a level 2 spell: Call Imp
   782 | D:2      | Reached XP level 3. HP: 23/25 MP: 6/6
   786 | D:2      | Learned a level 3 spell: Call Canine Familiar
   846 | D:3      | Found a faded altar of an unknown god.
   851 | D:3      | Prayed at the altar of an unknown god.
   851 | D:3      | Became a worshipper of Dithmenos the Shadowed
   851 | D:3      | Reached * piety under Dithmenos
  1092 | D:3      | Found a snail-covered altar of Cheibriados.
  1209 | D:3      | Reached XP level 4. HP: 31/31 MP: 4/7
  1216 | D:3      | Reached skill level 1 in Conjurations
  1351 | D:4      | Noticed a bullfrog
  1362 | D:4      | Killed a bullfrog
  1363 | D:4      | Reached skill level 1 in Fighting
  1363 | D:4      | Reached XP level 5. HP: 37/37 MP: 2/9
  1392 | D:4      | Noticed an ogre
  1401 | D:4      | Killed an ogre
  1402 | D:4      | Reached skill level 1 in Armour
  1402 | D:4      | Reached skill level 1 in Earth Magic
  1402 | D:4      | Reached XP level 6. HP: 32/43 MP: 1/10
  1575 | D:4      | Reached ** piety under Dithmenos
  1694 | D:5      | Entered Level 5 of the Dungeon
  1697 | D:5      | Reached skill level 1 in Invocations
  1717 | D:5      | Reached skill level 1 in Staves
  1928 | D:5      | Noticed an orc warrior
  1947 | D:4      | Slain by an orc warrior

Illustrated notes

Levels and vault maps discovered:
D:1:      tarquinn_simple_flora_water_a, layout_loops_cross, serial_shops,
          nicolae_shop_bloodbath_and_beyond, shop, shop_coins, shop, shop,
          serial_bayou, serial_bayou_pond_b, serial_bayou_shore_a,
          serial_bayou_pond_c, serial_bayou_pond_d
D:2:      layout_basic, uniq_crazy_yiuf_cottage
D:3:      layout_basic, nicolae_overflow_crystal_walls,
          hellmonk_ecumenical_altar_heavens_door, minmay_mini_jars
D:4:      layout_loops_ring, mainiacjoe_overflow_divided_tiny
D:5:      layout_rooms, okawaru_trees_2, minmay_temple_entry_glassed_door,
          serial_shops, shop, abandoned_shop, roderic_serpentine_path

Skill      XL: |  1  2  3  4  5  6 |
---------------+-------------------+-----
Conjurations   | 1 |  1.4
Fighting       | 1 |  1.3
Armour         | 1 |  1.3
Spellcasting   | 3 |  3.1
Earth Magic    | 1 |  1.2
Invocations    | 1 |  1.2
Staves         | 1 |  1.0
Short Blades   | |  0.8
Dodging        | |  2.5
Stealth        | |  2.5
Summonings     | |  4.9
Evocations     | |  0.9

Action                   |  1- 3 |  4- 6 || total
-------------------------+-------+-------++-------
Melee: Staff             |    40 |     4 ||    44
       Unarmed           |     1 |       ||     1
       Short sword       |       |    25 ||    25
 Cast: Summon Small Mamm |     8 |       ||     8
       Call Imp          |     8 |     9 ||    17
       Call Canine Famil |     6 |     6 ||    12
Invok: Shadow Step       |       |     1 ||     1
  Use: Scroll            |     1 |     2 ||     3
       Potion            |     2 |     3 ||     5
 Stab: Sleeping          |     1 |     2 ||     3
       Distracted        |       |     1 ||     1
Armor: Robe              |    18 |     7 ||    25
Dodge: Dodged            |    45 |    47 ||    92
